 Dungeon Crawl Stone Soup version 0.20-a0-922-g6936b3b (webtiles) character file.

42 Devintownsend the Covered (level 3, 0/33 HPs)
             Began as a Minotaur Fighter on Mar 25, 2017.
             Killed by nerve-wracking pain
             ... invoked by Jessica
              (11 damage)
             ... on level 2 of the Dungeon.
             The game lasted 00:04:03 (1346 turns).

Devintownsend the Covered (Minotaur Fighter)        Turns: 1346, Time: 00:04:04

Health: 0/33       AC:  7    Str: 26    XL:     3   Next: 33%
Magic:  11/11      EV:  7    Int:  5    God:
Gold:   70         SH: 10    Dex:  9    Spells: 2/2 levels left

rFire    . . .     SeeInvis +   a - +0 war axe
rCold    . . .     Gourm    .   c - +0 shield
rNeg     . . .     Faith    .   b - +0 scale mail
rPois    .         Spirit   .   (helmet restricted)
rElec    .         Reflect  .   (no cloak)
rCorr    .         Harm     .   (no gloves)
MR       .....                  (no boots)
Stlth    ..........             p - amulet of inaccuracy (curse)
Regen    0.2/turn               i - ring of magical power
MPRegen  0.2/turn               j - ring of see invisible

@: mighty
A: retaliatory headbutt, horns 2
a: no special abilities


You were on level 2 of the Dungeon.
You were hungry.

You visited 1 branch of the dungeon, and saw 2 of its levels.

You collected 70 gold pieces.

Inventory:

Hand Weapons
 a - a +0 war axe (weapon)
Armour
 b - a +0 scale mail (worn)
 c - a +0 shield (worn)
Jewellery
 i - a ring of magical power (left hand)
 j - a ring of see invisible (right hand)
 p - a cursed amulet of inaccuracy (around neck)
Scrolls
 g - 2 scrolls of teleportation
 l - a scroll of remove curse {unknown}
 n - 2 scrolls of identify
Potions
 e - a potion of agility {unknown}
 h - a potion of heal wounds {unknown}
 m - 2 potions of flight
Comestibles
 f - a bread ration
 k - a royal jelly


   Skills:
 + Level 4.1 Fighting
 + Level 3.1 Axes
 + Level 4.2 Armour
 + Level 4.0 Shields


You had 2 spell levels left.
You didn't know any spells.

Dungeon Overview and Level Annotations

Branches:
Dungeon (2/15)

Altars:

Annotations:
D:2 Jessica


Innate Abilities, Weirdness & Mutations

You reflexively headbutt those who attack you in melee.
You have a pair of horns on your head.


Message History

Jessica gestures wildly while chanting.
Jessica blinks!
The quokka bites you but does no damage.
Jessica gestures wildly.
The quokka bites you but does no damage.
You feel very mighty all of a sudden. You block the quokka's attack.
Jessica gestures wildly while chanting.
Jessica blinks!
You block the quokka's attack.
Jessica casts a spell.
Jessica blinks!
The quokka barely misses you.
You miss the quokka.
The quokka twitches its whiskers.
You block the quokka's attack. Jessica hits you but does no damage.
You block the quokka's attack.
You miss the quokka. You hit Jessica. Jessica hits you with a club.
The quokka bites you but does no damage.
Jessica gestures at you while chanting. Pain shoots through your body!
You die...

#.#####.## #...#.#...##.######
#........# #...#.#.#.....#####
#######..## #...#............##
.###.##...# #......#########.##
.....##.#.# ##.........######.##
..##.##.#.####..#####...#.......#
..##....#.##...##!.?##..#.####..#
..##..###.##...#.@...#..#.####..#
.###..........['@....#..#........
.# #.####.#....#r....#..#########
.# #.####...#..##...##.....# # .#
#........##..#####.)....# # ##
######...###............#
#........# ##...........#
###.####...# #...........# #....#
#.#.## #...........# #....#
#.#..# #...........######


You could see Jessica and a quokka.

Vanquished Creatures
  An adder (D:2)
  A dart slug (D:1)
  3 leopard geckos
  2 giant cockroaches (D:1)
  2 goblins
  2 hobgoblins (D:1)
  A ball python (D:2)
  5 bats
  3 frilled lizards (D:1)
  7 kobolds
  2 rats (D:1)
29 creatures vanquished.

Notes
Turn   | Place    | Note
-------+----------+-------------------------------------------
     0 | D:1      | Devintownsend the Minotaur Fighter began the quest for the Orb.
     0 | D:1      | Reached XP level 1. HP: 19/19 MP: 0/0
   226 | D:1      | Reached XP level 2. HP: 23/27 MP: 1/1
  1037 | D:2      | Reached XP level 3. HP: 32/33 MP: 2/2
  1333 | D:2      | Noticed Jessica
  1346 | D:2      | Killed from afar by Jessica

Vault maps used:
D:1:      eino_arrival_water_star, serial_curves, eino_curves_03,
          eino_curves_04, eino_curves_02, eino_curves_01
D:2:      kennysheep_jessica_study

Skill      XL: |  1  2 |
---------------+-------+-----
Armour         | 4 |  4.2
Fighting       | 4 |  4.1
Axes           | 3 |  3.1
Shields        | 4 |  4.0

Action                   || total
-------------------------++-------
Melee: War axe           ||    98
       Headbutt          ||     6
  Use: Scroll            ||     3
       Potion            ||     1
  Eat: Chunk             ||     1
Armor: Scale mail        ||    58
Dodge: Dodged            ||    40
Block: Shield            ||    61
